 Dungeon Crawl Stone Soup version 0.21-a0-94-gdd6ab6a (webtiles) character file.

12590 Gorglomux the Severer (level 11, -14/99 HPs)
             Began as a Hill Orc Gladiator on July 1, 2017.
             Was a High Priest of Okawaru.
             Demolished by Sonja
             ... wielding a +1 short sword of distortion
              (19 damage)
             ... on level 1 of the Lair of Beasts.
             The game lasted 00:16:40 (12030 turns).

Gorglomux the Severer (Hill Orc Gladiator)         Turns: 12030, Time: 00:16:41

Health: -14/99     AC: 20    Str: 21    XL:     11   Next: 95%
Magic:  11/11      EV:  9    Int: 12    God:    Okawaru [*****.]
Gold:   717        SH:  0    Dex: 16    Spells: 10/10 levels left

rFire    . . .     SeeInvis .   p - +10 battleaxe of No More Talking {god gift, freeze, MR+ Int+4 Dex+4 Stlth+}
rCold    . . .     Gourm    .   (shield currently unavailable)
rNeg     + . .     Faith    +   B - +0 plate armour
rPois    .         Spirit   .   c - +0 helmet
rElec    .         Reflect  .   s - +0 cloak
rCorr    .         Harm     .   Y - +1 pair of gloves
MR       +....                  (no boots)
Stlth    ..........             C - amulet of faith
HPRegen  0.26/turn              q - +1 ring of evasion
MPRegen  0.12/turn              K - ring of positive energy

@: about to teleport, slowed, very slow
A: no striking features
a: Heroism, Finesse, Renounce Religion


You were on level 1 of the Lair of Beasts.
You worshipped Okawaru.
Okawaru was extremely pleased with you.
You were not hungry.

You visited 3 branches of the dungeon, and saw 14 of its levels.

You collected 717 gold pieces.

Inventory:

Hand Weapons
 a - a +0 war axe
 p - the +10 battleaxe of No More Talking (weapon) {god gift, freeze, MR+ Int+4 Dex+4 Stlth+}
   (Okawaru gifted it to you on level 11 of the Dungeon)

   It has been specially enchanted to freeze those struck by it, causing extra
   injury to most foes and up to half again as much damage against particularly
   susceptible opponents.
   It can also slow down cold-blooded creatures.
   It affects your intelligence (+4).
   It affects your dexterity (+4).
   It affects your resistance to hostile enchantments.
   It makes you more stealthy.
Missiles
 x - 3 javelins of penetration (quivered) {god gift}
 Z - a throwing net
Armour
 c - a +0 helmet (worn)
 s - a +0 cloak (worn)
 B - a +0 plate armour (worn)
 Y - a +1 pair of gloves (worn)
Jewellery
 n - the ring "Eremm" {*Slow +Fly rC+ MR+, unknown}
   (You found it on level 11 of the Dungeon)

   [ring of flight]

   It protects you from cold.
   It affects your resistance to hostile enchantments.
   It lets you fly.
   It may slow you when you take damage.
 q - a +1 ring of evasion (left hand)
 u - an uncursed amulet of rage {unknown}
 y - an uncursed ring of ice
 C - an amulet of faith (around neck)
 K - a ring of positive energy (right hand)
Wands
 A - a wand of acid (5/15)
 D - a wand of digging (12/24)
 I - a wand of iceblast (7/15)
 P - a wand of digging (5/24)
 R - a wand of acid (11/15)
 W - a wand of random effects (6/48)
Scrolls
 j - 2 scrolls of enchant weapon
 l - 3 scrolls of immolation {unknown}
 w - 7 scrolls of remove curse
 E - 2 scrolls of fear
 M - 2 scrolls of enchant armour {unknown}
 O - 2 scrolls of recharging {unknown}
 T - 3 scrolls of teleportation
 U - 3 scrolls of fog
 X - a scroll of magic mapping {unknown}
Potions
 k - 2 potions of heal wounds {unknown}
 m - a potion of flight {unknown}
 o - a potion of brilliance {unknown}
 r - 2 potions of ambrosia {unknown}
 v - 2 potions of resistance
 F - 2 potions of cancellation
 G - a potion of berserk rage
 H - 2 potions of magic
 J - a potion of agility
 N - 2 potions of might
 Q - 2 potions of curing
 S - 5 potions of mutation {!q}
Miscellaneous
 V - a phantom mirror
Comestibles
 f - 12 bread rations
 i - 3 chunks of flesh
 t - 11 fruits
 z - 5 meat rations
 L - 5 royal jellies


   Skills:
 + Level 9.9 Fighting
 + Level 16.6 Axes
 - Level 1.7 Throwing
 - Level 11.3 Armour
 - Level 2.4 Dodging


You had 10 spell levels left.
You didn't know any spells.

Dungeon Overview and Level Annotations

Branches:
Dungeon (12/15)            Temple (1/1) D:6            Lair (1/6) D:10
    Orc (0/2) D:11

Altars:
Ashenzari
Cheibriados
Dithmenos
Elyvilon
Fedhas
Gozag
Hepliaklqana
Kikubaaqudgha
Makhleb
Nemelex Xobeh
Okawaru
Qazlal
Ru
Sif Muna
Trog
Uskayaw
Vehumet
Wu Jian
Xom
Yredelemnul
Zin
The Shining One

Annotations:
D:12 Snorg
Lair:1 Sonja


Message History

You feel sick. Something hits you. Space bends around you.
Something hits you but does no damage. Space warps horribly around you!
Something hits you but does no damage. Space warps horribly around you!
* * * LOW HITPOINT WARNING * * *
Something hits you but does no damage.
You blink.
Unknown command.
As you read the scroll of teleportation, it crumbles to dust.
You feel strangely unstable.
You feel sick.
Unknown command.
You feel better. Something hits you but does no damage.
Space warps horribly around you!
* * * LOW HITPOINT WARNING * * *
Something hits you but does no damage. Space bends around you.
* * * LOW HITPOINT WARNING * * *
Something hits you.
* * * LOW HITPOINT WARNING * * *
Space bends around you.
* * * LOW HITPOINT WARNING * * *
Something hits you but does no damage. Space warps horribly around you!
You die...

#...# ##(# #########
#..##
#..##P..#####((#
#.........####.#
.......[.....#(##
..............#.#
..[.............##
#.............#.@#
##...............##
#.#............#.P#
###.#..........#..#
####............#
### ###........#.#
#.### ##.........##
#...#########......#
.....#.# ###P.#.#


There were no monsters in sight!

Vanquished Creatures
  A hydra (Lair:1)
  A catoblepas (Lair:1)
  3 two-headed ogres (D:8)
  Nergalle (D:11)
  An unseen horror (D:11)
  An ugly thing (D:11)
  A cyclops (D:11)
  Maurice (D:8)
  3 komodo dragons
  A hornet (D:11)
  2 hippogriffs (D:7)
  3 yaks (D:11)
  A warg (D:11)
  3 water moccasins
  A porcupine (Lair:1)
  2 orc warriors
  2 ice beasts
  6 ogres
  A necrophage (D:9)
  4 phantoms
  3 centaurs
  A crocodile (D:10)
  3 big kobolds
  12 bullfrogs
  8 scorpions
  8 wights
  3 killer bees (D:9)
  5 howler monkeys
  5 crimson imps
  A quasit (D:10)
  4 jellies
  3 bullfrog skeletons
  4 orc priests
  Crazy Yiuf (D:7)
  A centaur skeleton (D:4)
  4 hounds
  11 worker ants
  3 orc wizards
  2 hound skeletons
  8 adders
  A shadow imp (D:6)
  2 oozes
  An adder zombie (D:5)
  An adder skeleton (D:4)
  5 worms
  4 dart slugs
  6 leopard geckos
  24 orcs
  4 giant cockroaches
  7 hobgoblins
  16 jackals
  8 quokkas
  A ball python (D:4)
  A ball python skeleton (D:4)
  9 bats
  6 frilled lizards
  8 goblins
  3 jackal skeletons
  16 kobolds
  A quokka skeleton (D:5)
  14 rats
267 creatures vanquished.

Vanquished Creatures (others)
  A plant (D:10)
1 creature vanquished.

Grand Total: 268 creatures vanquished

Notes
Turn   | Place    | Note
-------+----------+-------------------------------------------
     0 | D:1      | Gorglomux the Hill Orc Gladiator began the quest for the Orb.
     0 | D:1      | Reached XP level 1. HP: 18/18 MP: 1/1
   117 | D:1      | Reached XP level 2. HP: 19/25 MP: 2/2
   282 | D:1      | Reached skill level 3 in Fighting
   382 | D:1      | Reached XP level 3. HP: 29/31 MP: 3/3
   657 | D:2      | Reached skill level 5 in Axes
   920 | D:2      | Reached XP level 4. HP: 35/40 MP: 4/4
  1638 | D:3      | Reached skill level 6 in Axes
  2158 | D:4      | Reached XP level 5. HP: 39/47 MP: 5/5
  2403 | D:4      | Noticed an ogre
  2424 | D:4      | Killed an ogre
  2424 | D:4      | Reached skill level 7 in Axes
  2424 | D:4      | Reached XP level 6. HP: 22/56 MP: 6/6
  3295 | D:5      | Entered Level 5 of the Dungeon
  3322 | D:5      | Reached skill level 6 in Fighting
  3555 | D:5      | Reached XP level 7. HP: 62/63 MP: 7/7
  3910 | D:5      | Found a burning altar of Makhleb.
  3910 | D:5      | Noticed an Executioner
  3918 | D:5      | Noticed a hellwing
  3918 | D:5      | Noticed a smoke demon
  4084 | D:5      | Reached skill level 8 in Axes
  4388 | D:6      | Reached skill level 9 in Axes
  4425 | D:6      | Reached XP level 8. HP: 23/74 MP: 8/8
  4954 | D:6      | Found a staircase to the Ecumenical Temple.
  5004 | Temple   | Entered the Ecumenical Temple
  5115 | Temple   | Became a worshipper of Warmaster Okawaru
  5225 | D:6      | Reached skill level 10 in Axes
  5390 | D:6      | Reached skill level 1 in Armour
  5765 | D:7      | Reached * piety under Okawaru
  5769 | D:7      | Reached skill level 3 in Armour
  5863 | D:7      | Noticed a hippogriff
  5874 | D:7      | Killed a hippogriff
  5874 | D:7      | Reached skill level 11 in Axes
  5874 | D:7      | Reached XP level 9. HP: 67/82 MP: 9/9
  6108 | D:7      | Reached ** piety under Okawaru
  6134 | D:7      | Found a runed door.
  6603 | D:7      | Reached skill level 12 in Axes
  6710 | D:7      | Noticed Crazy Yiuf
  6715 | D:7      | Killed Crazy Yiuf
  6813 | D:8      | Noticed Maurice
  6820 | D:8      | Reached skill level 6 in Armour
  6870 | D:8      | Killed Maurice
  6870 | D:8      | Reached *** piety under Okawaru
  6895 | D:8      | Noticed a two-headed ogre
  6904 | D:8      | Killed a two-headed ogre
  6904 | D:8      | Reached **** piety under Okawaru
  6904 | D:8      | Reached skill level 13 in Axes
  6904 | D:8      | Reached XP level 10. HP: 51/90 MP: 7/10
  7308 | D:8      | Noticed a two-headed ogre
  7322 | D:8      | Killed a two-headed ogre
  7566 | D:8      | Noticed a two-headed ogre
  7669 | D:8      | Killed a two-headed ogre
  7669 | D:8      | Received a gift from Okawaru
  7669 | D:8      | Reached skill level 14 in Axes
  7669 | D:8      | Reached skill level 9 in Armour
  8308 | D:9      | Found an ornate altar of the Wu Jian Council.
  8679 | D:10     | Entered Level 10 of the Dungeon
  8722 | D:10     | Found a shattered altar of Ashenzari.
  9105 | D:10     | Reached ***** piety under Okawaru
  9216 | D:10     | Found a staircase to the Lair.
  9246 | D:10     | Received a gift from Okawaru
  9246 | D:10     | Reached XP level 11. HP: 29/95 MP: 11/11
  9565 | D:10     | Reached skill level 15 in Axes
  9993 | D:11     | Noticed a white ugly thing
 10007 | D:11     | Killed a white ugly thing
 10018 | D:11     | Killed an unseen horror
 10183 | D:11     | Found a staircase to the Orcish Mines.
 10301 | D:11     | Noticed a cyclops
 10330 | D:11     | Killed a cyclops
 10513 | D:11     | Received a gift from Okawaru
 10516 | D:11     | Got a polished battleaxe {god gift}
 10517 | D:11     | Identified the +10 battleaxe of No More Talking {god gift, freeze, MR+ Int+4 Dex+4 Stlth+} (Okawaru gifted it to you on level 11 of the Dungeon)
 10601 | D:11     | Got a warped golden ring
 10734 | D:11     | Noticed Nergalle
 10749 | D:11     | Killed Nergalle
 10749 | D:11     | Reached skill level 16 in Axes
 10907 | D:12     | Noticed Snorg
 11096 | Lair:1   | Entered Level 1 of the Lair of Beasts
 11299 | Lair:1   | Reached skill level 9 in Fighting
 11370 | Lair:1   | Noticed a catoblepas
 11381 | Lair:1   | Killed a catoblepas
 11560 | Lair:1   | Noticed a six-headed hydra
 11574 | Lair:1   | Killed a 15-headed hydra
 12019 | Lair:1   | Noticed Sonja
 12030 | Lair:1   | Demolished by Sonja

Vault maps used:
D:1:      erik_arrival_blinker_ship
D:2:      minmay_misc_feat_plants, kennysheep_generic_room_14
D:4:      first_bread
D:5:      makhleb_altar_promises_db
D:6:      minmay_temple_entry_overgrown, st_stairs_12, grunt_decor_arrowhead,
          grunt_ministairs_2
D:7:      grunt_ogre_cave, uniq_crazy_yiuf_cottage
D:8:      uniq_maurice
D:9:      marbit_many_paths, nicolae_two_hexagons
D:10:     david_lair_shrubbed, nicolae_ashenzari_panopticon
D:11:     david_orc_3, uniq_nergalle
D:12:     uniq_snorg
Temple:   kilobyte_greek_temple
Lair:1:   lemuel_fruit_fields, uniq_sonja

Skill      XL: |  1  2  3  4  5  6  7  8  9 10 11 |
---------------+----------------------------------+-----
Fighting       | 3 4 5 6 7 8 9 |  9.9
Axes           | 5 6 7 9 11 13 14 16 | 16.6
Armour         | 4 7 10 11 | 11.3
Throwing       | |  1.7
Dodging        | |  2.4

Action                   |  1- 3 |  4- 6 |  7- 9 | 10-12 || total
-------------------------+-------+-------+-------+-------++-------
Melee: War axe           |   112 |   177 |   299 |   326 ||   914
       Punch             |       |       |     1 |     1 ||     2
       Battleaxe         |       |       |       |    66 ||    66
Throw: Throwing net      |       |     2 |       |       ||     2
       Javelin           |       |       |       |     4 ||     4
Invok: Heroism           |       |       |     4 |     9 ||    13
Evoke: Wand              |       |       |     9 |     2 ||    11
  Use: Scroll            |       |     5 |     8 |     7 ||    20
       Potion            |       |       |       |     1 ||     1
 Stab: Held in net/web   |       |     2 |       |       ||     2
  Eat: Chunk             |       |     9 |     9 |    16 ||    34
       Fruit             |       |       |     2 |       ||     2
Armor: Leather armour    |    26 |       |       |       ||    26
       Scale mail        |    28 |    90 |    40 |       ||   158
       Plate armour      |       |       |   158 |   266 ||   424
Dodge: Dodged            |    90 |   109 |   149 |   137 ||   485
